Golden Seals vs Stars

Created - 30 novembre 2020 at 09:33

Goals
1 2 3 T
Golden Seals 1 0 1 2
Stars 2 0 2 4
Shots
1 2 3 T
Golden Seals 16 7 7 30
Stars 13 16 12 41

1st period

1. Golden Seals , Miles Wood 2 (Ondrej Kase 2, Cody Ceci 1) at 8:43
2. Stars , Alan Quine 2 (Chris Tanev 2) at 14:16
3. Stars , Mikko Rantanen 7 (Ryan Strome 8, Thomas Chabot 6) at 18:09

Penalties :
No Penalty

2nd period

No Goal

Penalties :
Ryan Strome (DAL) for Hooking (Minor) at 7:40, Thomas Chabot (DAL) for Hooking (Minor) at 11:19, William Karlsson (CLF) for Hooking (Minor) at 18:47

3rd period

4. Stars , Mikko Rantanen 8 (Ryan Strome 9, Paul Byron 2) at 13:31
5. Golden Seals , Robby Fabbri 2 (Nick Suzuki 4, Olli Maatta 3) at 16:34
6. Stars , Richard Panik 1 (Mikko Rantanen 7) at 18:15

Penalties :
Thomas Chabot (DAL) for Hooking (Minor) at 6:13, Tyler Toffoli (CLF) for Hooking (Minor) at 10:04

Goalie Stats

Andrei Vasilevskiy (CLF), 37 saves from 41 shots - (0,902), L, 4-3-0, 60:00 minutes
Jaroslav Halak (DAL), 28 saves from 30 shots - (0,933), W, 5-2-0, 60:00 minutes

Players Stats for Golden Seals

Player Name              G  A  P  +/- PIM S  H  SB GA TA FO     MP     PP MP  PK MP  
------------------------------------------------------------------------------------
Barclay Goodrow          0  0  0   1  0   0  0  0  0  0  1/5    10:49   0:13   2:19 
Cody Ceci                0  1  1   0  0   0  0  0  0  1  0/0    16:33   0:00   2:38 
Colton Parayko           0  0  0  -1  0   1  0  1  1  1  0/0    22:03   3:19   0:00 
Jaden Schwartz           0  0  0   0  0   5  2  1  1  1  1/2    19:45   3:13   0:00 
Jake McCabe              0  0  0  -1  0   0  0  2  0  0  0/0    21:09   0:00   2:38 
Jonathan Toews           0  0  0   0  0   9  4  1  0  0  12/21  19:38   3:08   0:00 
Jordan Eberle            0  0  0  -2  0   2  0  0  1  0  0/0    15:16   2:39   0:00 
Max Domi                 0  0  0  -2  0   0  0  1  1  1  0/0    17:26   2:39   1:31 
Miles Wood               1  0  1   1  0   3  0  0  1  0  0/2    10:49   0:01   2:19 
Nate Schmidt             0  0  0  -1  0   0  0  2  1  0  0/0    20:04   2:38   0:00 
Nick Suzuki              0  1  1  -1  0   2  0  2  0  1  5/10   17:10   2:39   1:22 
Olli Maatta              0  1  1  -1  0   0  2  2  0  1  0/0    18:32   0:00   1:20 
Ondrej Kase              0  1  1   1  0   1  0  0  0  0  0/1     8:31   0:00   0:00 
Oskar Lindblom           0  0  0  -1  0   2  0  0  3  0  0/0    15:33   3:19   0:00 
Robby Fabbri             1  0  1  -1  0   3  1  0  1  0  0/0    12:45   0:05   0:11 
Robert Hagg              0  0  0   0  0   1  1  0  0  0  0/0    14:04   0:00   1:20 
Tyler Toffoli            0  0  0   0  2   0  1  0  0  0  0/2    19:58   3:13   0:00 
William Karlsson         0  0  0  -2  2   1  0  0  0  0  9/16   15:55   2:39   0:14 

Players Stats for Stars

Player Name              G  A  P  +/- PIM S  H  SB GA TA FO     MP     PP MP  PK MP  
------------------------------------------------------------------------------------
Adam Henrique            0  0  0   0  0   1  3  0  0  0  2/3    18:44   2:15   0:00 
Alan Quine               1  0  1   2  0   3  2  0  1  0  0/1    12:46   0:00   0:27 
Alec Martinez            0  0  0   2  0   0  1  1  1  0  0/0    20:10   2:34   3:35 
Brandon Sutter           0  0  0   0  0   0  2  0  0  0  5/6    17:13   1:36   3:12 
Chris Tanev              0  1  1   2  0   1  0  3  0  1  0/0    20:03   1:24   2:51 
Derrick Pouliot          0  0  0   0  0   0  0  0  0  0  0/0    13:40   0:00   2:01 
Dylan Strome             0  0  0   0  0   3  0  0  0  0  1/2     8:54   0:01   0:38 
Gabriel Bourque          0  0  0   0  0   2  1  0  1  0  1/1    10:13   0:00   1:35 
J.T. Compher             0  0  0   0  0   4  1  1  0  0  0/6    17:08   1:36   2:14 
Joe Thornton             0  0  0   2  0   4  0  0  0  0  4/10   12:58   0:08   0:02 
Marc Staal               0  0  0   0  0   0  1  1  1  2  0/0    23:42   1:24   2:20 
Mike Green               0  0  0   0  0   0  1  1  0  1  0/0    16:08   0:00   0:02 
Mikko Rantanen           2  1  3   0  0   9  0  0  1  1  1/2    18:48   2:21   0:00 
Paul Byron               0  1  1   0  0   1  1  1  0  1  0/0    14:01   1:36   0:00 
Richard Panik            1  0  1   2  0   4  1  1  1  3  0/0    12:19   0:00   0:00 
Ryan Strome              0  2  2   0  2   5  1  0  0  0  17/28  20:07   2:21   1:01 
Sam Lafferty             0  0  0   0  0   1  1  0  0  0  0/0    10:46   0:00   2:47 
Thomas Chabot            0  1  1   0  4   3  2  2  0  1  0/0    26:20   2:34   1:03 

3 Stars

1 - Mikko Rantanen (DAL)
2 - Alan Quine (DAL)
3 - Richard Panik (DAL)

Power Play

Golden Seals - 0 on 3 Attempt(s) - 0,00%
Stars - 0 on 2 Attempt(s) - 0,00%

Penalty Kill

Golden Seals - 2 on 2 Attempt(s) - 100,00% - Score 0 goal in Penalty Kill
Stars - 3 on 3 Attempt(s) - 100,00% - Score 0 goal in Penalty Kill

Team Stat

Golden Seals - Hits : 11 - Faceoff Wins : 28 - Blocked Shots : 12 - Penalty Minutes : 4
Stars - Hits : 18 - Faceoff Wins : 31 - Blocked Shots : 11 - Penalty Minutes : 6

Official

Referees : Mike Duco and Chris Rooney
Linesman : Tony Sericolo and Glen Cooke

Game Notes

No Game Note

Finance

Level 1 -- Attendance: 4473 (74,55%) -- Ticket Income 514 395 $
Level 2 -- Attendance: 3060 (61,20%) -- Ticket Income 229 500 $
Level 3 -- Attendance: 1383 (69,15%) -- Ticket Income 62 235 $
Level 4 -- Attendance: 2393 (59,83%) -- Ticket Income 71 790 $
Luxury Box -- Attendance: 718 (71,80%) -- Ticket Income 157 960 $
Game was played at the Dallas Arena.
Total Attendance: 12027 (66,82%)
Total Ticket Income: 1 035 880 $
Other Income: 507 581 $
Total Income: 1 543 461 $

Golden Seals

5 vs 5 Forward 
   Center                   Left Wing                Right Wing               Time % Phy DF OF 
 1 Jonathan Toews           Tyler Toffoli            Jaden Schwartz           38     0   2  3  
 2 William Karlsson         Max Domi                 Jordan Eberle            32     0   2  3  
 3 Nick Suzuki              Oskar Lindblom           Robby Fabbri             20     0   2  3  
 4 Barclay Goodrow          Miles Wood               Ondrej Kase              10     2   2  1  

5 vs 5 Defense 
   Defense                  Defense                                           Time % Phy DF OF 
 1 Colton Parayko           Jake McCabe                                       40     0   3  2  
 2 Nate Schmidt             Olli Maatta                                       33     0   3  2  
 3 Cody Ceci                Robert Hagg                                       27     1   3  1  
 4 Colton Parayko           Jake McCabe                                       0      1   2  2  

PowerPlay Forward 
   Center                   Left Wing                Right Wing               Time % Phy DF OF 
 1 Jonathan Toews           Tyler Toffoli            Jaden Schwartz           60     1   0  4  
 2 William Karlsson         Max Domi                 Jordan Eberle            40     1   0  4  

PowerPlay Defense
   Defense                  Defense                                           Time % Phy DF OF 
 1 Colton Parayko           Oskar Lindblom                                    60     0   1  4  
 2 Nate Schmidt             Nick Suzuki                                       40     0   1  4  

Penalty Kill 4 Players Forward 
   Center                   Wing                     Time % Phy DF OF 
 1 Barclay Goodrow          Miles Wood               65     1   3  1  
 2 William Karlsson         Jonathan Toews           35     1   3  1  

Penalty Kill 4 Players Defense
   Defense                  Defense                  Time % Phy DF OF 
 1 Cody Ceci                Jake McCabe              60     1   4  0  
 2 Olli Maatta              Robert Hagg              40     1   4  0  

Penalty Kill - 3 Players Forward 
   Forward                                           Time % Phy DF OF 
 1 Barclay Goodrow                                   60     1   4  0  
 2 Jonathan Toews                                    40     1   4  0  

Penalty Kill - 3 Players Defense
   Defense                  Defense                  Time % Phy DF OF 
 1 Cody Ceci                Jake McCabe              60     1   4  0  
 2 Cody Ceci                Jake McCabe              40     1   4  0  

4 vs 4 Forward 
   Center                   Wing                     Time % Phy DF OF 
 1 Jonathan Toews           Jaden Schwartz           55     0   2  3  
 2 William Karlsson         Tyler Toffoli            45     0   2  3  

4 vs 4 Defense
   Defense                  Defense                  Time % Phy DF OF 
 1 Colton Parayko           Jake McCabe              60     0   3  2  
 2 Nate Schmidt             Olli Maatta              40     0   3  2  

Last Minutes Offensive
   Center                   Left Wing                Right Wing               Defense                  Defense                  
   Jonathan Toews           Jaden Schwartz           Tyler Toffoli            Colton Parayko           Nate Schmidt             

Last Minutes Defensive
   Center                   Left Wing                Right Wing               Defense                  Defense                  
   Jonathan Toews           Barclay Goodrow          Miles Wood               Cody Ceci                Jake McCabe              

Goaltenders
Starting : Andrei Vasilevskiy       
Backup : Pheonix Copley           

Extra Forwards
Normal : Miles Wood, Nick Suzuki, Ondrej Kase - PP : Barclay Goodrow, Robby Fabbri - PK : Nick Suzuki
Extra Defensemen
Normal : Nate Schmidt, Cody Ceci, Colton Parayko - PP : Cody Ceci - PK : Colton Parayko, Nate Schmidt
Penalty Shots
Jonathan Toews, William Karlsson, Jordan Eberle, Tyler Toffoli, Ondrej Kase
Custom OT Lines Forwards
Jonathan Toews, William Karlsson, Jaden Schwartz, Tyler Toffoli, Jordan Eberle, Max Domi, Nick Suzuki, Miles Wood, Oskar Lindblom, Robby Fabbri
Custom OT Lines Defensemen
Colton Parayko, Nate Schmidt, Olli Maatta, Jake McCabe, Cody Ceci

Scratches
Nick Cousins (Healthy)

Stars

5 vs 5 Forward 
   Center                   Left Wing                Right Wing               Time % Phy DF OF 
 1 Ryan Strome              Mikko Rantanen           Adam Henrique            40     1   2  2  
 2 J.T. Compher             Paul Byron               Brandon Sutter           30     1   2  2  
 3 Joe Thornton             Alan Quine               Richard Panik            20     1   2  2  
 4 Dylan Strome             Gabriel Bourque          Sam Lafferty             10     1   2  2  

5 vs 5 Defense 
   Defense                  Defense                                           Time % Phy DF OF 
 1 Marc Staal               Thomas Chabot                                     40     1   2  2  
 2 Chris Tanev              Alec Martinez                                     30     1   2  2  
 3 Mike Green               Derrick Pouliot                                   20     1   2  2  
 4 Mike Green               Thomas Chabot                                     10     1   2  2  

PowerPlay Forward 
   Center                   Left Wing                Right Wing               Time % Phy DF OF 
 1 Ryan Strome              Mikko Rantanen           Adam Henrique            60     1   2  2  
 2 J.T. Compher             Paul Byron               Brandon Sutter           40     1   2  2  

PowerPlay Defense
   Defense                  Defense                                           Time % Phy DF OF 
 1 Alec Martinez            Thomas Chabot                                     60     1   2  2  
 2 Marc Staal               Chris Tanev                                       40     1   2  2  

Penalty Kill 4 Players Forward 
   Center                   Wing                     Time % Phy DF OF 
 1 Brandon Sutter           Sam Lafferty             60     1   2  2  
 2 Ryan Strome              J.T. Compher             40     1   2  2  

Penalty Kill 4 Players Defense
   Defense                  Defense                  Time % Phy DF OF 
 1 Chris Tanev              Marc Staal               60     1   2  2  
 2 Thomas Chabot            Alec Martinez            40     1   2  2  

Penalty Kill - 3 Players Forward 
   Forward                                           Time % Phy DF OF 
 1 Ryan Strome                                       60     1   2  2  
 2 Mikko Rantanen                                    40     1   2  2  

Penalty Kill - 3 Players Defense
   Defense                  Defense                  Time % Phy DF OF 
 1 Mike Green               Marc Staal               60     1   2  2  
 2 Thomas Chabot            Alec Martinez            40     1   2  2  

4 vs 4 Forward 
   Center                   Wing                     Time % Phy DF OF 
 1 Adam Henrique            Mikko Rantanen           60     1   2  2  
 2 Ryan Strome              J.T. Compher             40     1   2  2  

4 vs 4 Defense
   Defense                  Defense                  Time % Phy DF OF 
 1 Alec Martinez            Thomas Chabot            60     1   2  2  
 2 Marc Staal               Chris Tanev              40     1   2  2  

Last Minutes Offensive
   Center                   Left Wing                Right Wing               Defense                  Defense                  
   Ryan Strome              Mikko Rantanen           Adam Henrique            Alec Martinez            Thomas Chabot            

Last Minutes Defensive
   Center                   Left Wing                Right Wing               Defense                  Defense                  
   Ryan Strome              Mikko Rantanen           Brandon Sutter           Marc Staal               Thomas Chabot            

Goaltenders
Starting : Jaroslav Halak           
Backup : Dustin Tokarski          

Extra Forwards
Normal : Joe Thornton, Dylan Strome, Gabriel Bourque - PP : Joe Thornton, Dylan Strome - PK : Gabriel Bourque
Extra Defensemen
Normal : Mike Green, Derrick Pouliot, Thomas Chabot - PP : Mike Green - PK : Derrick Pouliot, Thomas Chabot
Penalty Shots
Ryan Strome, Mikko Rantanen, Adam Henrique, J.T. Compher, Joe Thornton
Custom OT Lines Forwards
Ryan Strome, Mikko Rantanen, Adam Henrique, J.T. Compher, Joe Thornton, Dylan Strome, Brandon Sutter, Gabriel Bourque, Paul Byron, Alan Quine
Custom OT Lines Defensemen
Thomas Chabot, Alec Martinez, Marc Staal, Chris Tanev, Mike Green

Scratches
Max Jones (Left Wrist Injury), Mikko Koskinen (Healthy)

% Time on Ice - Golden Seals

Lines # - Real PCT - Wanted PCT - Time Play
Normal Forward
1 - 35% - 38% - 17:32
2 - 26% - 32% - 12:49
3 - 24% - 20% - 11:59
4 - 15% - 10% - 7:45
Normal Defense
1 - 42% - 40% - 21:01
2 - 33% - 33% - 16:20
3 - 25% - 27% - 12:44
4 - 0% - 0% - 0:00
PP Forward
1 - 55% - 60% - 3:17
2 - 45% - 40% - 2:40
PP Defense
1 - 56% - 60% - 3:19
2 - 44% - 40% - 2:38
PK Forward
1 - 100% - 65% - 3:58
2 - 0% - 35% - 0:00
PK Defense
1 - 66% - 60% - 2:38
2 - 34% - 40% - 1:20
PK3 Forward
1 - 0% - 60%
2 - 0% - 40%
PK3 Defense
1 - 0% - 60%
2 - 0% - 40%
44 Forward
1 - 0% - 55%
2 - 0% - 45%
44 Defense
1 - 0% - 60%
2 - 0% - 40%
Last Minute Offensive  - 0:00
Last Minute Defensive  - 0:00
Total
Forward - 60:00
Defense - 60:00

% Time on Ice - Stars

Lines # - Real PCT - Wanted PCT - Time Play
Normal Forward
1 - 33% - 40% - 16:43
2 - 26% - 30% - 13:04
3 - 25% - 20% - 12:19
4 - 16% - 10% - 7:59
Normal Defense
1 - 39% - 40% - 19:41
2 - 29% - 30% - 14:19
3 - 23% - 20% - 11:39
4 - 9% - 10% - 4:26
PP Forward
1 - 60% - 60% - 2:22
2 - 40% - 40% - 1:36
PP Defense
1 - 65% - 60% - 2:34
2 - 35% - 40% - 1:24
PK Forward
1 - 79% - 60% - 4:43
2 - 21% - 40% - 1:14
PK Defense
1 - 39% - 60% - 2:20
2 - 61% - 40% - 3:37
PK3 Forward
1 - 0% - 60%
2 - 0% - 40%
PK3 Defense
1 - 0% - 60%
2 - 0% - 40%
44 Forward
1 - 0% - 60%
2 - 0% - 40%
44 Defense
1 - 0% - 60%
2 - 0% - 40%
Last Minute Offensive  - 0:00
Last Minute Defensive  - 0:00
Total
Forward - 60:00
Defense - 60:00

Play-by-Play

1st period


0:01 of 1st period - Jaden Schwartz wins face-off versus Mikko Rantanen in neutral zone.
0:06 of 1st period - Wrist shot by Jonathan Toews.
0:06 of 1st period - Stopped by Jaroslav Halak with a rebound.
0:52 of 1st period - Oskar Lindblom is hit by Richard Panik and loses puck.
1:09 of 1st period - Snap shot by Mikko Rantanen.
1:09 of 1st period - Shot Blocked by Olli Maatta.
1:17 of 1st period - Wrist shot by Mikko Rantanen.
1:17 of 1st period - Shot Blocked by Olli Maatta.
1:37 of 1st period - Snap shot by Jonathan Toews.
1:37 of 1st period - Stopped by Jaroslav Halak with a rebound.
1:53 of 1st period - Wrist shot by William Karlsson.
1:53 of 1st period - Shot Misses the Net.
2:13 of 1st period - Snap shot by Paul Byron.
2:13 of 1st period - Stopped by Andrei Vasilevskiy with a rebound.
2:53 of 1st period - Jaden Schwartz is hit by Gabriel Bourque and loses puck.
3:00 of 1st period - Slapshot by Sam Lafferty.
3:00 of 1st period - Deflect By Jonathan Toews.
3:00 of 1st period - Shot Misses the Net.
3:00 of 1st period - Puck is out of play.
3:01 of 1st period - William Karlsson wins face-off versus Ryan Strome in Golden Seals zone.
4:19 of 1st period - Wrist shot by Jaden Schwartz.
4:19 of 1st period - Stopped by Jaroslav Halak without a rebound.
4:20 of 1st period - William Karlsson wins face-off versus Ryan Strome in Stars zone.
4:35 of 1st period - Snap shot by Ryan Strome.
4:35 of 1st period - Shot Misses the Net.
4:47 of 1st period - Brandon Sutter is hit by Robby Fabbri and loses puck.
5:00 of 1st period - Snap shot by Robby Fabbri.
5:00 of 1st period - Stopped by Jaroslav Halak without a rebound.
5:01 of 1st period - Ryan Strome wins face-off versus Barclay Goodrow in Stars zone.
5:01 of 1st period - Ryan Strome is hit by Robert Hagg.
5:18 of 1st period - Wrist shot by Ryan Strome.
5:18 of 1st period - Stopped by Andrei Vasilevskiy without a rebound.
5:19 of 1st period - Brandon Sutter wins face-off versus William Karlsson in Golden Seals zone.
6:09 of 1st period - Slapshot by Robby Fabbri.
6:09 of 1st period - Deflect By Thomas Chabot.
6:09 of 1st period - Shot Misses the Net.
6:09 of 1st period - Puck is out of play.
6:10 of 1st period - Joe Thornton wins face-off versus Nick Suzuki in Stars zone.
6:14 of 1st period - Off-side.
6:15 of 1st period - William Karlsson wins face-off versus Ryan Strome in neutral zone.
6:27 of 1st period - Snap shot by Mikko Rantanen.
6:27 of 1st period - Stopped by Andrei Vasilevskiy with a rebound.
6:29 of 1st period - Slapshot by Chris Tanev.
6:29 of 1st period - Stopped by Andrei Vasilevskiy without a rebound.
6:30 of 1st period - Jonathan Toews wins face-off versus Joe Thornton in Golden Seals zone.
6:41 of 1st period - Joe Thornton is hit by Tyler Toffoli and loses puck.
6:56 of 1st period - Wrist shot by Oskar Lindblom.
6:56 of 1st period - Stopped by Jaroslav Halak with a rebound.
7:26 of 1st period - Slapshot by Alan Quine.
7:26 of 1st period - Shot Blocked by Jake McCabe.
7:32 of 1st period - Snap shot by Alan Quine.
7:32 of 1st period - Stopped by Andrei Vasilevskiy without a rebound.
7:33 of 1st period - Jonathan Toews wins face-off versus J.T. Compher in Golden Seals zone.
7:46 of 1st period - Snap shot by Jaden Schwartz.
7:46 of 1st period - Deflect By Jonathan Toews.
7:46 of 1st period - Stopped by Jaroslav Halak without a rebound.
7:47 of 1st period - William Karlsson wins face-off versus Ryan Strome in Stars zone.
8:22 of 1st period - Snap shot by Robby Fabbri.
8:22 of 1st period - Shot Misses the Net.
8:43 of 1st period - Snap shot by Miles Wood.
8:43 of 1st period - Goal by Miles Wood - Golden Seals : 1 - Stars : 0.
8:44 of 1st period - Jonathan Toews wins face-off versus J.T. Compher in neutral zone.
8:57 of 1st period - Snap shot by Jaden Schwartz.
8:57 of 1st period - Stopped by Jaroslav Halak without a rebound.
8:58 of 1st period - William Karlsson wins face-off versus Brandon Sutter in Stars zone.
9:05 of 1st period - Slapshot by Jordan Eberle.
9:05 of 1st period - Shot Misses the Net.
9:50 of 1st period - Adam Henrique is hit by Jaden Schwartz and loses puck.
9:55 of 1st period - Slapshot by Jonathan Toews.
9:55 of 1st period - Deflect By Jaden Schwartz.
9:55 of 1st period - Shot Misses the Net.
9:55 of 1st period - Puck is out of play.
9:56 of 1st period - Jonathan Toews wins face-off versus J.T. Compher in Stars zone.
10:01 of 1st period - Slapshot by Jonathan Toews.
10:01 of 1st period - Stopped by Jaroslav Halak with a rebound.
10:03 of 1st period - Snap shot by Tyler Toffoli.
10:03 of 1st period - Deflect By Jonathan Toews.
10:03 of 1st period - Shot Misses the Net.
10:03 of 1st period - Puck is out of play.
10:04 of 1st period - Jonathan Toews wins face-off versus J.T. Compher in Stars zone.
10:11 of 1st period - Wrist shot by Jaden Schwartz.
10:11 of 1st period - Stopped by Jaroslav Halak with a rebound.
10:43 of 1st period - Wrist shot by Jonathan Toews.
10:43 of 1st period - Shot Misses the Net.
10:45 of 1st period - Slapshot by Jaden Schwartz.
10:45 of 1st period - Deflect By Jonathan Toews.
10:45 of 1st period - Stopped by Jaroslav Halak without a rebound.
10:46 of 1st period - Nick Suzuki wins face-off versus Ryan Strome in Stars zone.
11:11 of 1st period - William Karlsson is hit by Alan Quine and loses puck.
11:22 of 1st period - Snap shot by Richard Panik.
11:22 of 1st period - Stopped by Andrei Vasilevskiy with a rebound.
12:18 of 1st period - Slapshot by Jaden Schwartz.
12:18 of 1st period - Shot Misses the Net.
12:20 of 1st period - Wrist shot by Jaden Schwartz.
12:20 of 1st period - Shot Blocked by Paul Byron.
12:22 of 1st period - Slapshot by Jonathan Toews.
12:22 of 1st period - Stopped by Jaroslav Halak with a rebound.
12:24 of 1st period - Slapshot by Jonathan Toews.
12:24 of 1st period - Stopped by Jaroslav Halak with a rebound.
13:48 of 1st period - Wrist shot by Tyler Toffoli.
13:48 of 1st period - Shot Misses the Net.
14:16 of 1st period - Snap shot by Alan Quine.
14:16 of 1st period - Goal by Alan Quine - Golden Seals : 1 - Stars : 1.
14:17 of 1st period - Ryan Strome wins face-off versus Jonathan Toews in neutral zone.
14:26 of 1st period - Slapshot by Mikko Rantanen.
14:26 of 1st period - Shot Misses the Net.
14:28 of 1st period - Snap shot by Mikko Rantanen.
14:28 of 1st period - Stopped by Andrei Vasilevskiy without a rebound.
14:29 of 1st period - Ryan Strome wins face-off versus Tyler Toffoli in Golden Seals zone.
14:30 of 1st period - Snap shot by Mikko Rantanen.
14:30 of 1st period - Stopped by Andrei Vasilevskiy without a rebound.
14:31 of 1st period - Jonathan Toews wins face-off versus Ryan Strome in Golden Seals zone.
14:31 of 1st period - Jonathan Toews is hit by Adam Henrique.
14:44 of 1st period - Thomas Chabot is hit by Jonathan Toews and loses puck.
15:03 of 1st period - Slapshot by J.T. Compher.
15:03 of 1st period - Stopped by Andrei Vasilevskiy without a rebound.
15:04 of 1st period - William Karlsson wins face-off versus J.T. Compher in Golden Seals zone.
15:31 of 1st period - Slapshot by Nick Suzuki.
15:31 of 1st period - Shot Blocked by J.T. Compher.
15:33 of 1st period - Snap shot by Oskar Lindblom.
15:33 of 1st period - Stopped by Jaroslav Halak without a rebound.
15:34 of 1st period - Nick Suzuki wins face-off versus Ryan Strome in Stars zone.
16:34 of 1st period - Wrist shot by Jaden Schwartz.
16:34 of 1st period - Stopped by Jaroslav Halak with a rebound.
16:36 of 1st period - Wrist shot by Cody Ceci.
16:36 of 1st period - Deflect By Tyler Toffoli.
16:36 of 1st period - Shot Misses the Net.
16:36 of 1st period - Puck is out of play.
16:37 of 1st period - William Karlsson wins face-off versus Ryan Strome in Stars zone.
16:48 of 1st period - Slapshot by William Karlsson.
16:48 of 1st period - Shot Blocked by Chris Tanev.
17:47 of 1st period - Snap shot by Nick Suzuki.
17:47 of 1st period - Shot Blocked by Marc Staal.
18:09 of 1st period - Wrist shot by Mikko Rantanen.
18:09 of 1st period - Goal by Mikko Rantanen - Golden Seals : 1 - Stars : 2.
18:10 of 1st period - Mikko Rantanen wins face-off versus Jonathan Toews in neutral zone.
18:19 of 1st period - Snap shot by Mikko Rantanen.
18:19 of 1st period - Stopped by Andrei Vasilevskiy without a rebound.
18:20 of 1st period - Ryan Strome wins face-off versus Jonathan Toews in Golden Seals zone.
18:39 of 1st period - Wrist shot by Jaden Schwartz.
18:39 of 1st period - Shot Misses the Net.
18:41 of 1st period - Snap shot by Tyler Toffoli.
18:41 of 1st period - Shot Blocked by Chris Tanev.
18:45 of 1st period - Wrist shot by Jonathan Toews.
18:45 of 1st period - Shot Misses the Net.
18:53 of 1st period - Snap shot by Jaden Schwartz.
18:53 of 1st period - Stopped by Jaroslav Halak without a rebound.
18:54 of 1st period - William Karlsson wins face-off versus J.T. Compher in Stars zone.
19:48 of 1st period - Slapshot by Ryan Strome.
19:48 of 1st period - Stopped by Andrei Vasilevskiy with a rebound.
19:55 of 1st period - Icing by Nick Suzuki.
19:56 of 1st period - Nick Suzuki wins face-off versus Dylan Strome in Golden Seals zone.
Goals for this period are 1 for Golden Seals vs 2 for Stars.
Shots for this period are 16 for Golden Seals vs 13 for Stars.

2nd period


0:01 of 2nd period - Jonathan Toews wins face-off versus Adam Henrique in neutral zone.
0:42 of 2nd period - Chris Tanev is hit by Olli Maatta.
1:16 of 2nd period - Snap shot by Ryan Strome.
1:16 of 2nd period - Shot Misses the Net.
1:18 of 2nd period - Snap shot by Mikko Rantanen.
1:18 of 2nd period - Shot Misses the Net.
1:28 of 2nd period - Thomas Chabot is hit by Jonathan Toews and loses puck.
2:22 of 2nd period - Snap shot by Max Domi.
2:22 of 2nd period - Shot Blocked by Thomas Chabot.
2:24 of 2nd period - Backhand shot by Robert Hagg.
2:24 of 2nd period - Deflect By Adam Henrique.
2:24 of 2nd period - Stopped by Jaroslav Halak without a rebound.
2:25 of 2nd period - Jonathan Toews wins face-off versus Ryan Strome in Stars zone.
2:52 of 2nd period - Max Domi is hit by Mike Green and loses puck.
3:33 of 2nd period - Robert Hagg is hit by Adam Henrique and loses puck.
4:08 of 2nd period - Paul Byron is hit by Jonathan Toews and loses puck.
5:02 of 2nd period - Wrist shot by J.T. Compher.
5:02 of 2nd period - Stopped by Andrei Vasilevskiy without a rebound.
5:03 of 2nd period - Ryan Strome wins face-off versus Barclay Goodrow in Golden Seals zone.
5:18 of 2nd period - Slapshot by Miles Wood.
5:18 of 2nd period - Stopped by Jaroslav Halak with a rebound.
5:33 of 2nd period - Slapshot by Alan Quine.
5:33 of 2nd period - Deflect By Richard Panik.
5:33 of 2nd period - Stopped by Andrei Vasilevskiy with a rebound.
5:35 of 2nd period - Snap shot by Thomas Chabot.
5:35 of 2nd period - Stopped by Andrei Vasilevskiy without a rebound.
5:36 of 2nd period - William Karlsson wins face-off versus Alan Quine in Golden Seals zone.
5:41 of 2nd period - Snap shot by Jordan Eberle.
5:41 of 2nd period - Stopped by Jaroslav Halak with a rebound.
5:43 of 2nd period - Slapshot by Olli Maatta.
5:43 of 2nd period - Shot Misses the Net.
5:45 of 2nd period - Snap shot by Jordan Eberle.
5:45 of 2nd period - Stopped by Jaroslav Halak without a rebound.
5:46 of 2nd period - Joe Thornton wins face-off versus William Karlsson in Stars zone.
5:57 of 2nd period - Snap shot by Max Domi.
5:57 of 2nd period - Shot Blocked by Richard Panik.
5:59 of 2nd period - Snap shot by Max Domi.
5:59 of 2nd period - Shot Misses the Net.
6:07 of 2nd period - Jordan Eberle is hit by Alan Quine and loses puck.
6:13 of 2nd period - Off-side.
6:14 of 2nd period - Ryan Strome wins face-off versus Jonathan Toews in neutral zone.
6:17 of 2nd period - Slapshot by Ryan Strome.
6:17 of 2nd period - Stopped by Andrei Vasilevskiy with a rebound.
6:19 of 2nd period - Snap shot by Adam Henrique.
6:19 of 2nd period - Stopped by Andrei Vasilevskiy without a rebound.
6:20 of 2nd period - Adam Henrique wins face-off versus Jonathan Toews in Golden Seals zone.
6:29 of 2nd period - Slapshot by Mikko Rantanen.
6:29 of 2nd period - Stopped by Andrei Vasilevskiy with a rebound.
6:31 of 2nd period - Wrist shot by Ryan Strome.
6:31 of 2nd period - Stopped by Andrei Vasilevskiy without a rebound.
6:32 of 2nd period - Jonathan Toews wins face-off versus Ryan Strome in Golden Seals zone.
7:10 of 2nd period - Wrist shot by J.T. Compher.
7:10 of 2nd period - Stopped by Andrei Vasilevskiy without a rebound.
7:11 of 2nd period - Jonathan Toews wins face-off versus Joe Thornton in Golden Seals zone.
7:37 of 2nd period - Snap shot by Nick Suzuki.
7:37 of 2nd period - Stopped by Jaroslav Halak without a rebound.
7:38 of 2nd period - Ryan Strome wins face-off versus Nick Suzuki in Stars zone.
7:40 of 2nd period - Minor Penalty to Ryan Strome for Hooking.
7:41 of 2nd period - Brandon Sutter wins face-off versus Jonathan Toews in Stars zone.
9:40 of 2nd period - Penalty to Ryan Strome is over, Ryan Strome is back on ice.
9:46 of 2nd period - Snap shot by Ryan Strome.
9:46 of 2nd period - Shot Blocked by Nick Suzuki.
9:48 of 2nd period - Slapshot by Marc Staal.
9:48 of 2nd period - Shot Blocked by Nick Suzuki.
9:56 of 2nd period - Slapshot by J.T. Compher.
9:56 of 2nd period - Stopped by Andrei Vasilevskiy with a rebound.
10:49 of 2nd period - Icing by Joe Thornton.
10:50 of 2nd period - Barclay Goodrow wins face-off versus Joe Thornton in Stars zone.
11:19 of 2nd period - Minor Penalty to Thomas Chabot for Hooking.
11:20 of 2nd period - Brandon Sutter wins face-off versus Jonathan Toews in Stars zone.
11:53 of 2nd period - Wrist shot by William Karlsson.
11:53 of 2nd period - Stopped by Jaroslav Halak with a rebound.
13:19 of 2nd period - Penalty to Thomas Chabot is over, Thomas Chabot is back on ice.
13:53 of 2nd period - Miles Wood is hit by Adam Henrique and loses puck.
14:07 of 2nd period - Jordan Eberle is hit by Brandon Sutter and loses puck.
14:35 of 2nd period - Snap shot by Dylan Strome.
14:35 of 2nd period - Stopped by Andrei Vasilevskiy without a rebound.
14:36 of 2nd period - Gabriel Bourque wins face-off versus Ondrej Kase in Golden Seals zone.
14:39 of 2nd period - Wrist shot by Dylan Strome.
14:39 of 2nd period - Stopped by Andrei Vasilevskiy with a rebound.
15:43 of 2nd period - Nate Schmidt is hit by Thomas Chabot and loses puck.
16:21 of 2nd period - Snap shot by Mikko Rantanen.
16:21 of 2nd period - Stopped by Andrei Vasilevskiy without a rebound.
16:22 of 2nd period - Ryan Strome wins face-off versus Jonathan Toews in Golden Seals zone.
16:23 of 2nd period - Snap shot by Mikko Rantanen.
16:23 of 2nd period - Shot Blocked by Jake McCabe.
16:35 of 2nd period - Slapshot by Colton Parayko.
16:35 of 2nd period - Stopped by Jaroslav Halak without a rebound.
16:36 of 2nd period - Ryan Strome wins face-off versus William Karlsson in Stars zone.
17:02 of 2nd period - Colton Parayko is hit by Paul Byron.
17:12 of 2nd period - Wrist shot by J.T. Compher.
17:12 of 2nd period - Shot Blocked by Jonathan Toews.
17:24 of 2nd period - Slapshot by Jaden Schwartz.
17:24 of 2nd period - Deflect By Robby Fabbri.
17:24 of 2nd period - Shot Misses the Net.
17:24 of 2nd period - Puck is out of play.
17:25 of 2nd period - Joe Thornton wins face-off versus Nick Suzuki in Stars zone.
17:44 of 2nd period - Snap shot by Alan Quine.
17:44 of 2nd period - Shot Hit the Post.
17:50 of 2nd period - Snap shot by Alan Quine.
17:50 of 2nd period - Shot Blocked by Nate Schmidt.
17:52 of 2nd period - Wrist shot by Alan Quine.
17:52 of 2nd period - Shot Misses the Net.
18:24 of 2nd period - Wrist shot by Richard Panik.
18:24 of 2nd period - Shot Misses the Net.
18:26 of 2nd period - Wrist shot by Alan Quine.
18:26 of 2nd period - Stopped by Andrei Vasilevskiy with a rebound.
18:28 of 2nd period - Snap shot by Richard Panik.
18:28 of 2nd period - Stopped by Andrei Vasilevskiy with a rebound.
18:34 of 2nd period - Slapshot by Joe Thornton.
18:34 of 2nd period - Stopped by Andrei Vasilevskiy with a rebound.
18:36 of 2nd period - Snap shot by Joe Thornton.
18:36 of 2nd period - Stopped by Andrei Vasilevskiy with a rebound.
18:38 of 2nd period - Slapshot by Marc Staal.
18:38 of 2nd period - Deflect By Alan Quine.
18:38 of 2nd period - Shot Blocked by Nate Schmidt.
18:38 of 2nd period - Puck is out of play.
18:39 of 2nd period - Adam Henrique wins face-off versus William Karlsson in Golden Seals zone.
18:47 of 2nd period - Minor Penalty to William Karlsson for Hooking.
18:48 of 2nd period - Ryan Strome wins face-off versus Miles Wood in Golden Seals zone.
Goals for this period are 0 for Golden Seals vs 0 for Stars.
Shots for this period are 7 for Golden Seals vs 16 for Stars.

3rd period


0:01 of 3rd period - Ryan Strome wins face-off versus Barclay Goodrow in neutral zone.
0:16 of 3rd period - Wrist shot by Mikko Rantanen.
0:16 of 3rd period - Shot Misses the Net.
0:47 of 3rd period - Penalty to William Karlsson is over, William Karlsson is back on ice.
1:02 of 3rd period - Slapshot by Gabriel Bourque.
1:02 of 3rd period - Stopped by Andrei Vasilevskiy with a rebound.
1:04 of 3rd period - Snap shot by Gabriel Bourque.
1:04 of 3rd period - Shot Blocked by Jaden Schwartz.
1:42 of 3rd period - Cody Ceci is hit by Thomas Chabot and loses puck.
2:04 of 3rd period - Tyler Toffoli is hit by Sam Lafferty and loses puck.
2:30 of 3rd period - Snap shot by Alan Quine.
2:30 of 3rd period - Shot Misses the Net.
2:32 of 3rd period - Wrist shot by Joe Thornton.
2:32 of 3rd period - Stopped by Andrei Vasilevskiy without a rebound.
2:33 of 3rd period - Ryan Strome wins face-off versus William Karlsson in Golden Seals zone.
2:34 of 3rd period - Snap shot by Mikko Rantanen.
2:34 of 3rd period - Shot Misses the Net.
2:36 of 3rd period - Snap shot by Ryan Strome.
2:36 of 3rd period - Stopped by Andrei Vasilevskiy without a rebound.
2:37 of 3rd period - Ryan Strome wins face-off versus William Karlsson in Golden Seals zone.
2:38 of 3rd period - Snap shot by Mikko Rantanen.
2:38 of 3rd period - Stopped by Andrei Vasilevskiy without a rebound.
2:39 of 3rd period - Ryan Strome wins face-off versus William Karlsson in Golden Seals zone.
3:08 of 3rd period - Tyler Toffoli is hit by J.T. Compher and loses puck.
3:26 of 3rd period - Colton Parayko is hit by Marc Staal and loses puck.
3:35 of 3rd period - Snap shot by Alan Quine.
3:35 of 3rd period - Shot Misses the Net.
3:37 of 3rd period - Slapshot by Marc Staal.
3:37 of 3rd period - Shot Misses the Net.
6:05 of 3rd period - Slapshot by Ondrej Kase.
6:05 of 3rd period - Shot Misses the Net.
6:07 of 3rd period - Snap shot by Miles Wood.
6:07 of 3rd period - Stopped by Jaroslav Halak with a rebound.
6:13 of 3rd period - Minor Penalty to Thomas Chabot for Hooking.
6:14 of 3rd period - Brandon Sutter wins face-off versus Jaden Schwartz in Stars zone.
7:04 of 3rd period - Oskar Lindblom is hit by Alec Martinez and loses puck.
8:13 of 3rd period - Penalty to Thomas Chabot is over, Thomas Chabot is back on ice.
9:21 of 3rd period - Backhand shot by Gabriel Bourque.
9:21 of 3rd period - Stopped by Andrei Vasilevskiy with a rebound.
9:23 of 3rd period - Slapshot by Thomas Chabot.
9:23 of 3rd period - Deflect By Robby Fabbri.
9:23 of 3rd period - Stopped by Andrei Vasilevskiy without a rebound.
9:24 of 3rd period - Dylan Strome wins face-off versus Nick Suzuki in Golden Seals zone.
9:47 of 3rd period - Snap shot by Ondrej Kase.
9:47 of 3rd period - Stopped by Jaroslav Halak with a rebound.
10:04 of 3rd period - Minor Penalty to Tyler Toffoli for Hooking.
10:05 of 3rd period - Ryan Strome wins face-off versus Barclay Goodrow in Golden Seals zone.
12:04 of 3rd period - Penalty to Tyler Toffoli is over, Tyler Toffoli is back on ice.
12:11 of 3rd period - Slapshot by Sam Lafferty.
12:11 of 3rd period - Stopped by Andrei Vasilevskiy with a rebound.
12:13 of 3rd period - Snap shot by Gabriel Bourque.
12:13 of 3rd period - Shot Hit the Post.
12:15 of 3rd period - Snap shot by Dylan Strome.
12:15 of 3rd period - Shot Blocked by Max Domi.
12:17 of 3rd period - Slapshot by Dylan Strome.
12:17 of 3rd period - Stopped by Andrei Vasilevskiy without a rebound.
12:18 of 3rd period - Joe Thornton wins face-off versus Tyler Toffoli in Golden Seals zone.
12:33 of 3rd period - Wrist shot by Joe Thornton.
12:33 of 3rd period - Stopped by Andrei Vasilevskiy with a rebound.
13:15 of 3rd period - Snap shot by Ondrej Kase.
13:15 of 3rd period - Shot Misses the Net.
13:31 of 3rd period - Snap shot by Mikko Rantanen.
13:31 of 3rd period - Goal by Mikko Rantanen - Golden Seals : 1 - Stars : 3.
13:32 of 3rd period - Ryan Strome wins face-off versus Jonathan Toews in neutral zone.
14:06 of 3rd period - Backhand shot by Thomas Chabot.
14:06 of 3rd period - Stopped by Andrei Vasilevskiy with a rebound.
14:40 of 3rd period - Dylan Strome is hit by Olli Maatta and loses puck.
15:01 of 3rd period - Snap shot by Max Domi.
15:01 of 3rd period - Shot Blocked by Mike Green.
15:17 of 3rd period - Dylan Strome is hit by Jaden Schwartz and loses puck.
15:24 of 3rd period - Slapshot by Jaden Schwartz.
15:24 of 3rd period - Shot Misses the Net.
15:26 of 3rd period - Snap shot by Jonathan Toews.
15:26 of 3rd period - Stopped by Jaroslav Halak without a rebound.
15:27 of 3rd period - Nick Suzuki wins face-off versus Ryan Strome in Stars zone.
15:30 of 3rd period - Wrist shot by Robby Fabbri.
15:30 of 3rd period - Shot Misses the Net.
15:32 of 3rd period - Wrist shot by Robby Fabbri.
15:32 of 3rd period - Shot Blocked by Thomas Chabot.
15:34 of 3rd period - Slapshot by Robby Fabbri.
15:34 of 3rd period - Stopped by Jaroslav Halak without a rebound.
15:35 of 3rd period - Ryan Strome wins face-off versus Nick Suzuki in Stars zone.
16:18 of 3rd period - Snap shot by Ryan Strome.
16:18 of 3rd period - Shot Misses the Net.
16:28 of 3rd period - Snap shot by Nick Suzuki.
16:28 of 3rd period - Shot Misses the Net.
16:32 of 3rd period - Wrist shot by Nick Suzuki.
16:32 of 3rd period - Stopped by Jaroslav Halak with a rebound.
16:34 of 3rd period - Wrist shot by Robby Fabbri.
16:34 of 3rd period - Goal by Robby Fabbri - Golden Seals : 2 - Stars : 3.
16:35 of 3rd period - Jonathan Toews wins face-off versus Joe Thornton in neutral zone.
16:52 of 3rd period - Backhand shot by Jonathan Toews.
16:52 of 3rd period - Stopped by Jaroslav Halak with a rebound.
17:02 of 3rd period - Jake McCabe is hit by Brandon Sutter and loses puck.
17:34 of 3rd period - Snap shot by Dylan Strome.
17:34 of 3rd period - Shot Blocked by Colton Parayko.
17:56 of 3rd period - Jonathan Toews is hit by Ryan Strome and loses puck.
18:15 of 3rd period - Snap shot by Richard Panik.
18:15 of 3rd period - Goal by Richard Panik - Golden Seals : 2 - Stars : 4.
18:16 of 3rd period - Nick Suzuki wins face-off versus Joe Thornton in neutral zone.
18:41 of 3rd period - Marc Staal is hit by Jonathan Toews and loses puck.
18:54 of 3rd period - Slapshot by Jaden Schwartz.
18:54 of 3rd period - Deflect By Jonathan Toews.
18:54 of 3rd period - Shot Misses the Net.
18:54 of 3rd period - Puck is out of play.
18:55 of 3rd period - Jonathan Toews wins face-off versus Joe Thornton in Stars zone.
19:40 of 3rd period - Wrist shot by Nick Suzuki.
19:40 of 3rd period - Shot Blocked by Alec Martinez.
19:42 of 3rd period - Slapshot by Olli Maatta.
19:42 of 3rd period - Shot Blocked by Chris Tanev.
19:44 of 3rd period - Slapshot by Olli Maatta.
19:44 of 3rd period - Deflect By Miles Wood.
19:44 of 3rd period - Shot Misses the Net.
19:44 of 3rd period - Puck is out of play.
19:45 of 3rd period - Brandon Sutter wins face-off versus Miles Wood in Stars zone.
Goals for this period are 1 for Golden Seals vs 2 for Stars.
Shots for this period are 7 for Golden Seals vs 12 for Stars.